 Dungeon Crawl Stone Soup version 0.28-a0-1404-g4df0f3684d (webtiles) character file.

Game seed: 801625042010072903

44 HallandMoats the Skirmisher (level 3, -2/27 HPs)
             Began as a Ghoul Fighter on Jan 6, 2022.
             Was a Follower of Hepliaklqana.
             Slain by a gnoll (9 damage)
             ... on level 2 of the Dungeon.
             The game lasted 00:01:20 (988 turns).

HallandMoats the Skirmisher (Ghoul Fighter)          Turns: 988, Time: 00:01:20

Health: -2/27      AC:  7    Str: 19    XL:     3   Next: 62%
Magic:  2/2        EV:  9    Int:  3    God:    Hepliaklqana [*.....]
Gold:   81         SH:  4    Dex: 10    Spells: 2/2 levels left

rFire   . . .      SeeInvis .   a - +0 war axe
rCold   + . .      Faith    .   c - +0 buckler
rNeg    + + +      Spirit   .   b - +0 scale mail
rPois   ∞          Reflect  .   (no helmet)
rElec   .          Harm     .   (no cloak)
rCorr   .          Rampage  .   (no gloves)
Will    .....                   f - +0 pair of boots
Stlth   ..........              (no amulet)
HPRegen 0.00/turn               (no ring)
MPRegen 0.08/turn               (no ring)

@: inhibited regen
A: reduced essence, claws 1, cold resistance 1, negative energy resistance 3,
inhibited regeneration, torment resistance 2
a: Renounce Religion, Recall Ancestor, Ancestor Identity


You were on level 2 of the Dungeon.
You worshipped Hepliaklqana.
Hepliaklqana was aware of your devotion.
You visited 1 branch of the dungeon, and saw 2 of its levels.

You collected 81 gold pieces.

Inventory:

Hand Weapons
 a - a +0 war axe (weapon)
Armour
 b - a +0 scale mail (worn)
 c - a +0 buckler (worn)
 f - a +0 pair of boots (worn)
Scrolls
 g - a scroll of vulnerability {unknown}
Potions
 d - a potion of might
 e - a potion of lignification {unknown}


   Skills:
 + Level 3.5 Fighting
 * Level 2.2 Axes
 * Level 3.0 Armour
 * Level 1.1 Dodging
 * Level 3.0 Shields
 + Level 0.6 Invocations


You had 2 spell levels left.
You didn't know any spells.
Your spell library was empty.

Dungeon Overview and Level Annotations

Branches:
Dungeon (2/15)

Altars:
Hepliaklqana


Innate Abilities, Weirdness & Mutations

Your life essence is reduced to manifest your ancestor. (-10% HP)
You thrive by killing the living.
You are immune to poison.
You have sharp fingernails.
Your flesh is cold resistant. (rC+)
You are immune to negative energy. (rN+++)
You do not regenerate when monsters are visible.
You are immune to unholy pain and torment.


Message History

You hit the gnoll.
The gnoll is heavily wounded.
The gnoll hits you from afar with a +0 halberd!
Sir Rick Astley hits the gnoll.
There are monsters nearby!
You slash the gnoll!
You kill the gnoll!
The gnoll hits you from afar with a +0 halberd.
Your Armour skill increases to level 3!
There are monsters nearby!
You swap places.
The gnoll barely misses you. The gnoll hits you with a +0 halberd!
Things that are here:
a +0 club; a gnoll corpse
There are monsters nearby!
You are too injured to fight recklessly!
There are monsters nearby!
You are too injured to fight recklessly!
There are monsters nearby!
You are too injured to fight recklessly!
There are monsters nearby!
The gnoll hits you but does no damage.
Sir Rick Astley hits the gnoll.
Sir Rick Astley hits the gnoll.
Sir Rick Astley closely misses the gnoll.
The gnoll hits you with a +0 whip.
* * * LOW HITPOINT WARNING * * *
What are your orders? t - Shout!
Orders for allies: a - Attack new target. r - Retreat! s - Stop attacking. g - Guard the area. f - Follow me.
Anything else - Cancel.
Gang up on whom?
Press: ? - help, Dir - move target, f - gnoll
Aim: a gnoll, wielding a +0 halberd (lightly wounded, ally target) Attack!
There is a stone staircase leading up here.
The gnoll hits you but does no damage.
The gnoll hits you from afar with a +0 halberd!
You die...

##....###...###.#
##### ##### #.#
#.# #.# #.# #R#
#g# #g# #@# ###


You could see the friendly Sir Rick Astley the ancestor and 2 gnolls.

Vanquished Creatures
  A gnoll (D:2)
  4 giant cockroaches (D:1)
  6 hobgoblins (D:1)
  4 jackals (D:1)
  2 kobolds (D:1)
  2 quokkas (D:1)
  2 ball pythons (D:1)
  3 bats (D:1)
  2 frilled lizards (D:1)
26 creatures vanquished.

Vanquished Creatures (collateral kills)
  A giant cockroach (D:1)
  A kobold (D:1)
  A quokka (D:1)
3 creatures vanquished.

Grand Total: 29 creatures vanquished

Notes
Turn   | Place    | Note
-------+----------+-------------------------------------------
     0 | D:1      | HallandMoats the Ghoul Fighter began the quest for the Orb.
     0 | D:1      | Reached XP level 1. HP: 19/19 MP: 0/0
   254 | D:1      | Reached XP level 2. HP: 26/26 MP: 1/1
   437 | D:1      | Found a faded altar of an unknown god.
   545 | D:1      | Reached XP level 3. HP: 25/31 MP: 2/2
   554 | D:1      | Prayed at the altar of an unknown god.
   554 | D:1      | Became a worshipper of Hepliaklqana the Forgotten
   554 | D:1      | Reached * piety under Hepliaklqana
   631 | D:1      | Reached skill level 1 in Dodging
   988 | D:2      | Slain by a gnoll

Illustrated notes

Levels and vault maps discovered:
D:1:      dpeg_arrival_ternary, layout_basic, basic_ecumenical_altar,
          minmay_misc_feat_secret_circle, minivault_24, corexii_corridor_pit,
          st_stairs_2
D:2:      layout_basic, chequers_serial_rivers_micro_e, hex_tiny,
          interstate_on_off, kennysheep_decorative_pillar, minivault_24,
          uniq_sigmund

Skill      XL: |  1  2  3 |
---------------+----------+-----
Axes           | 2 |  2.2
Dodging        | 1 |  1.1
Shields        | 3 |  3.0
Armour         | 3 |  3.0
Fighting       | |  3.5
Invocations    | |  0.6

Action                   || total
-------------------------++-------
Melee: War axe           ||    75
Invok: Ancestor Identity ||     1
Armor: Scale mail        ||    28
Dodge: Dodged            ||    48
Block: Buckler           ||    19

Table legend: (Time is in decaauts)
 A = Elapsed time spent in this place.
 B = Non-inter-level travel time spent in this place.
 C = Inter-level travel time spent in this place.
 D = Time resting spent in this place.
 E = Time spent auto-exploring this place.
 F = Levels seen in this place.
 G = Mean time per level.
                   A        B        C        D        E       F      G
               +--------+--------+--------+--------+--------+-----+--------+
         Total |   1020 |    949 |     71 |      0 |    745 |   2 |  510.0 |
       Dungeon |   1020 |    949 |     71 |      0 |    745 |   2 |  510.0 |
               +--------+--------+--------+--------+--------+-----+--------+

Top non-repeatable levels by time:
     D:1: 977 daAuts
     D:2: 43 daAuts
